 Dungeon Sprint DCSS version 0.29-a0-1006-g0dd7720b37 (webtiles) character file.

Game seed: 5384215981992626011

47030 mhtbhm the Wrestler (level 14, -9/135 HPs)
             Began as a Troll Transmuter on Aug 6, 2022.
             Was an Initiate of Gozag.
             Killed from afar by a fire dragon (45 damage)
             ... with a blast of flame
             ... in the Dungeon (Sprint IX: "|||||||||||||||||||||||||||||").
             The game lasted 00:10:08 (3275 turns).

mhtbhm the Wrestler (Troll Transmuter)              Turns: 3275, Time: 00:10:08

Health: -9/135     AC: 13    Str: 25    XL:     14   Next: 7%
Magic:  20/27      EV: 14    Int:  9    God:    Gozag
Gold:   7179       SH:  0    Dex: 10    Spells: 19/34 levels left

rFire   . . .      SeeInvis .     - Unarmed
rCold   . . .      Faith    .   (shield currently unavailable)
rNeg    . . .      Spirit   .   a - +0 swamp dragon scales
rPois   +          Reflect  .   (helmet restricted)
rElec   .          Harm     .   l - +0 cloak
rCorr   .          Rampage  .   (gloves unavailable)
Will    +....      NoTele   +   (boots unavailable)
Stlth   ++........              (no amulet)
HPRegen 1.12/turn               m - +2 ring of evasion
MPRegen 0.20/turn               n - +2 ring of protection

@: blade hands (expiring), wereblooded, gold aura
A: large, unfitting armour, claws 3, regeneration 1, shaggy fur 1, tough skin 1
a: End Transformation, Renounce Religion, Potion Petition, Call Merchant, Bribe
Branch


You were in the Dungeon.
You worshipped Gozag.
Gozag was greatly pleased with you.
You had blades for hands.
You visited 1 branch You collected 15185 gold pieces.
You spent 4453 gold pieces at shops.
You paid 3553 gold pieces to Gozag.

Inventory:

Missiles
 b - 7 large rocks
 s - 2 throwing nets
 t - 6 javelins (quivered)
Armour
 a - +0 swamp dragon scales (worn)
 l - a +0 cloak (worn)
Jewellery
 m - a +2 ring of evasion (left blade hand)
 n - a +2 ring of protection (right blade hand)
 u - a +6 ring of intelligence
 v - a ring of fire
 w - a ring of willpower
 x - a ring of poison resistance
Wands
 k - a wand of roots (8)
Scrolls
 h - 4 scrolls of blinking
 j - 2 scrolls of amnesia
 p - a scroll of identify
 q - a scroll of fear
 r - a scroll of brand weapon
 y - 3 scrolls of enchant armour
 z - 2 scrolls of fog
 A - 2 scrolls of enchant weapon
 E - 2 scrolls of immolation
Potions
 c - 8 potions of curing
 d - a potion of brilliance
 e - 10 potions of heal wounds
 f - 5 potions of magic
 g - 3 potions of berserk rage
 i - 2 potions of invisibility
 o - 3 potions of mutation
 B - a potion of resistance
 C - a potion of lignification
 D - 2 potions of haste
Miscellaneous
 F - a box of beasts
 G - a phantom mirror


   Skills:
 + Level 7.9 Fighting
 + Level 3.0 Throwing
 + Level 5.4 Armour
 + Level 11.2 Dodging
 + Level 5.7 Stealth
 + Level 25.9 Unarmed Combat
 + Level 10.6 Spellcasting
 + Level 11.0 Transmutations
 + Level 5.3 Ice Magic
 + Level 1.2 Poison Magic
 + Level 2.1 Evocations


You had 19 spell levels left.
You knew the following spells:

 Your Spells              Type           Power      Damage    Failure   Level
a - Beastly Appendage     Tmut           48%        N/A       9%          1
b - Wereblood             Tmut           24%        N/A       10%         2
c - Spider Form           Tmut/Pois      15%        N/A       32%         3
d - Ice Form              Ice/Tmut       19%        N/A       38%         4
e - Blade Hands           Tmut           12%        N/A       36%         5

Your spell library contained the following spells:

 Spells                   Type           Power      Damage    Failure   Level


Dungeon Overview and Level Annotations

Branches:
Dungeon (1/1)

Altars:
Cheibriados
Dithmenos
Elyvilon
Fedhas
Gozag
Hepliaklqana
Kikubaaqudgha
Makhleb
Nemelex Xobeh
Okawaru
Qazlal
Ru
Sif Muna
Trog
Uskayaw
Vehumet
Wu Jian
Xom
Yredelemnul
Zin
The Shining One
Jiyva
Lugonu

Shops:
D !:?[!?[*


Innate Abilities, Weirdness & Mutations

You have blades for hands.
Your spellcasting is less reliable in this form.
You are incapable of wielding weapons or throwing items.
You are too large for most types of armour.
You have claws for hands.
Your natural rate of healing is unusually fast.
You are covered in fur. (AC +1)
You have tough skin. (AC +1)


Message History

Deactivating autopickup; reactivate with Ctrl-A.
The frost giant hits you with a +1 battleaxe of freezing.
The frost giant freezes you.
You shred the frost giant!!!
You feel a bit better.
You kill the frost giant!
The fire dragon is distracted by your dazzling golden aura.
Unknown command.
The fire dragon roars deafeningly!
You slice the fire giant!!
The fire giant is moderately wounded.
You hear a shout!
The fire dragon is no longer distracted by gold.
You hear two shouts!
Unknown command.
You slice the fire giant!! You slash the fire giant!!
The fire giant is almost dead.
The fire giant casts a spell at you. The bolt of fire hits you!!
The fire dragon breathes flames at you.
The blast of flame hits the fire giant.
The fire giant resists.
The blast of flame hits you!!!
* * * LOW HITPOINT WARNING * * *
Unknown command.
You slash the fire giant!
You feel a bit better.
You kill the fire giant!
You howl as the wereblood boils in your veins!
Your transformation is almost over.
Your Throwing skill increases to level 3!
A spriggan air mage comes into view.
The spriggan air mage shouts!
The spriggan air mage waves its arms in wide circles.
The air twists around and strikes you.
The fire dragon is distracted by your dazzling golden aura.
The fire dragon breathes flames at you.
The blast of flame hits the fire dragon!
The fire dragon resists.
The fire dragon is no longer distracted by gold.
The blast of flame hits you!!!
You die...
Your body crumbles into a pile of gold.

...[[[[[[[[.))))))))....)'.......
▓▓▓▓▓▓▓▓▓▓▓▓▓▓▓▓▓▓▓▓▓▓▓▓▓▓▓▓▓▓▓▓▓
.)...............................
♣♣♣♣♣♣♣♣♣♣▓▓▓▓▓▓▓▓▓▓▓▓▓▓▓▓▓▓▓▓▓▓▓
.........'..)))..))'.............
♣♣♣♣♣♣♣♣♣♣▓▓▓▓▓▓▓▓▓▓▓▓▓▓▓▓▓▓▓▓▓▓▓
)................................
▓▓▓▓▓▓▓▓▓▓▓▓▓▓▓▓▓▓▓▓▓▓▓▓▓▓▓▓▓▓▓▓▓
,,,,,,,,,i..{DD.@$...............
*********▓▓▓▓▓▓▓▓▓▓▓▓▓▓▓▓▓▓▓▓▓▓▓▓
,,,,,,,,,,,,,,,,,,,,,,,,,,,,,,,,,
*********************************
,,,,,,,,,,,,,,,,,,,,,,+,,,,,,,,,,
*********************************
,,,,,,,,,,,,,,,,,,,,,,,,,,,,,,,,,
*********************************
,,,,,,,,,,,,,+,,,,,,,,,,,,,+,,,,,


You could see 2 fire dragons and a spriggan air mage (repels missiles).

Vanquished Creatures
  Rupert (D)
  2 fire giants (D)
  3 frost giants (D)
  2 very ugly things (D)
  2 eleionomae (D)
  Nessos (D)
  An entropy weaver (D)
  Azrael (D)
  A spark wasp (D)
  2 bunyips (D)
  Josephine (D)
  A fire dragon (D)
  Erolcha (D)
  A hydra (D)
  2 ogre magi (D)
  A jorogumo (D)
  A centaur warrior (D)
  A satyr (D)
  2 deep troll earth magi (D)
  Urug (D)
  A spriggan berserker (D)
  Nergalle (D)
  A skeletal warrior (D)
  A sun moth (D)
  An orb spider (D)
  A bog body (D)
  2 naga ritualists (D)
  A swamp dragon (D)
  3 orc knights (D)
  A deep elf pyromancer (D)
  8 orc sorcerers (D)
  A mana viper (D)
  2 ugly things (D)
  4 manticores (D)
  A will-o-the-wisp (D)
  2 cyclopes (D)
  2 elephants (D)
  4 naga magi (D)
  A moth of wrath (D)
  2 merfolk sirens (D)
  4 black mambas (D)
  2 cane toads (D)
  A torpor snail (D)
  A demonic crawler (D)
  A kobold demonologist (D)
  A freezing wraith (D)
  A komodo dragon (D)
  2 trolls (D)
  2 merfolk (D)
  A tyrant leech (D)
  5 polar bears (D)
  A tarantella (D)
  A culicivora (D)
  3 wyverns (D)
  A water elemental (D)
  Grum (D)
  6 wraiths (D)
  A basilisk (D)
  3 fire elementals (D)
  2 vampire mosquitoes (D)
  An acid dragon (D)
  3 hell hounds (D)
  4 water moccasins (D)
  3 black bears (D)
  10 orc warriors (D)
  5 wolves (D)
  2 bullfrogs (D)
  A scorpion (D)
  A wight (D)
  A howler monkey (D)
  A gnoll bouda (D)
  3 orc priests (D)
  11 orc wizards (D)
  An adder (D)
  5 orcs (D)
  An endoplasm (D)
  A giant cockroach (D)
  A goblin (D)
  A ball python (D)
  A bat (D)
165 creatures vanquished.

Vanquished Creatures (collateral kills)
  A harpy (D)
1 creature vanquished.

Grand Total: 166 creatures vanquished

Notes
Turn   | Place    | Note
-------+----------+-------------------------------------------
     0 | D        | mhtbhm the Troll Transmuter began the quest for the Orb.
     0 | D        | Reached XP level 1. HP: 18/18 MP: 1/1
    11 | D        | Reached skill level 4 in Unarmed Combat
    30 | D        | Noticed a gnoll bouda
    30 | D        | Noticed a scorpion
    35 | D        | Killed a scorpion
    36 | D        | Reached skill level 6 in Unarmed Combat
    36 | D        | Reached XP level 2. HP: 14/26 MP: 2/4
    36 | D        | Reached XP level 3. HP: 18/32 MP: 2/5
    38 | D        | Reached skill level 7 in Unarmed Combat
    38 | D        | Reached XP level 4. HP: 24/40 MP: 2/6
    52 | D        | Found a snail-covered altar of Cheibriados.
    52 | D        | Found a shadowy altar of Dithmenos.
    52 | D        | Found a white marble altar of Elyvilon.
    52 | D        | Found a blossoming altar of Fedhas.
    52 | D        | Found an opulent altar of Gozag.
    53 | D        | Found a hazy altar of Hepliaklqana.
    54 | D        | Found a viscous altar of Jiyva.
    55 | D        | Found an ancient bone altar of Kikubaaqudgha.
    56 | D        | Found a corrupted altar of Lugonu.
    57 | D        | Found a burning altar of Makhleb.
    58 | D        | Found a sparkling altar of Nemelex Xobeh.
    59 | D        | Found an iron altar of Okawaru.
    60 | D        | Found a stormy altar of Qazlal.
    62 | D        | Became a worshipper of Gozag Ym Sagoz the Greedy
    64 | D        | Found a sacrificial altar of Ru.
    65 | D        | Found a shimmering blue altar of Sif Muna.
    66 | D        | Found a bloodstained altar of Trog.
    67 | D        | Found a hide-covered altar of Uskayaw.
    68 | D        | Found a radiant altar of Vehumet.
    69 | D        | Found an ornate altar of the Wu Jian Council.
    70 | D        | Found a shimmering altar of Xom.
    71 | D        | Found a basalt altar of Yredelemnul.
    72 | D        | Found a glowing silver altar of Zin.
    73 | D        | Found a glowing golden altar of the Shining One.
    81 | D        | Found the +6 Majin-Bo {vamp, MP+6 Int+6}
   105 | D        | Noticed a wyvern
   105 | D        | Noticed a troll
   105 | D        | Noticed a wraith
   105 | D        | Noticed an acid dragon
   111 | D        | Killed an acid dragon
   112 | D        | Reached skill level 1 in Fighting
   112 | D        | Reached skill level 9 in Unarmed Combat
   112 | D        | Reached XP level 5. HP: 48/48 MP: 6/8
   123 | D        | Killed a wraith
   124 | D        | Reached skill level 10 in Unarmed Combat
   124 | D        | Reached XP level 6. HP: 33/55 MP: 6/10
   126 | D        | Reached skill level 11 in Unarmed Combat
   128 | D        | Killed a troll
   129 | D        | Reached skill level 5 in Dodging
   129 | D        | Reached skill level 12 in Unarmed Combat
   129 | D        | Reached XP level 7. HP: 47/65 MP: 7/12
   132 | D        | Killed a wyvern
   273 | D        | Noticed a cyclops
   273 | D        | Noticed a cyclops
   273 | D        | Noticed a kobold demonologist
   273 | D        | Noticed a centaur warrior
   273 | D        | Noticed a skeletal warrior
   273 | D        | Noticed a troll
   278 | D        | Killed a troll
   279 | D        | Reached skill level 13 in Unarmed Combat
   279 | D        | Reached XP level 8. HP: 48/74 MP: 11/14
   285 | D        | Killed a skeletal warrior
   286 | D        | Reached skill level 1 in Stealth
   286 | D        | Reached skill level 14 in Unarmed Combat
   286 | D        | Reached skill level 5 in Spellcasting
   286 | D        | Noticed an orange demon
   300 | D        | Noticed an ice devil
   357 | D        | Learned a level 2 spell: Wereblood
   361 | D        | Learned a level 3 spell: Spider Form
   366 | D        | Learned a level 4 spell: Ice Form
   375 | D        | Killed a centaur warrior
   376 | D        | Reached skill level 15 in Unarmed Combat
   376 | D        | Reached XP level 9. HP: 8/84 MP: 14/16
   388 | D        | Killed a kobold demonologist
   436 | D        | Killed a cyclops
   437 | D        | Reached skill level 5 in Transmutations
   650 | D        | Killed a cyclops
   651 | D        | Reached skill level 16 in Unarmed Combat
   843 | D        | Noticed a black mamba
   843 | D        | Noticed a cane toad
   844 | D        | Noticed a black mamba
   851 | D        | Killed a cane toad
   852 | D        | Reached skill level 5 in Fighting
   855 | D        | Killed a black mamba
   856 | D        | Reached XP level 10. HP: 67/96 MP: 14/17
   863 | D        | Killed a black mamba
   864 | D        | Reached skill level 17 in Unarmed Combat
  1031 | D        | Noticed a cane toad
  1031 | D        | Noticed an elephant
  1039 | D        | Killed an elephant
  1040 | D        | Reached skill level 1 in Poison Magic
  1045 | D        | Noticed an elephant
  1047 | D        | Killed a cane toad
  1051 | D        | Noticed a seven-headed hydra
  1055 | D        | Killed an elephant
  1056 | D        | Reached skill level 18 in Unarmed Combat
  1058 | D        | Killed a seven-headed hydra
  1135 | D        | Reached skill level 1 in Ice Magic
  1144 | D        | Reached XP level 11. HP: 105/105 MP: 15/20
  1206 | D        | Reached skill level 19 in Unarmed Combat
  1212 | D        | Noticed Josephine
  1223 | D        | Killed Josephine
  1255 | D        | Noticed Erolcha
  1289 | D        | Killed Erolcha
  1350 | D        | Noticed an orc knight
  1353 | D        | Killed an orc knight
  1361 | D        | Noticed an orc knight
  1374 | D        | Killed an orc knight
  1375 | D        | Reached skill level 20 in Unarmed Combat
  1449 | D        | Noticed an orc sorcerer
  1449 | D        | Noticed an orc knight
  1456 | D        | Killed an orc knight
  1457 | D        | Killed an orc sorcerer
  1517 | D        | Found Syzas's Armour Boutique.
  1517 | D        | Noticed an orc sorcerer
  1517 | D        | Noticed an orc sorcerer
  1518 | D        | Noticed an orc sorcerer
  1524 | D        | Killed an orc sorcerer
  1525 | D        | Found Neaman's Magic Scroll Shop.
  1528 | D        | Killed an orc sorcerer
  1529 | D        | Killed an orc sorcerer
  1531 | D        | Found Idechusk's Book Boutique.
  1536 | D        | Found Kaeffow's Distillery.
  1536 | D        | Noticed an orc sorcerer
  1537 | D        | Noticed an orc sorcerer
  1538 | D        | Noticed an orc sorcerer
  1540 | D        | Killed an orc sorcerer
  1541 | D        | Reached skill level 21 in Unarmed Combat
  1541 | D        | Noticed an orc sorcerer
  1544 | D        | Killed an orc sorcerer
  1545 | D        | Noticed a sun demon
  1547 | D        | Killed an orc sorcerer
  1548 | D        | Reached XP level 12. HP: 115/115 MP: 19/22
  1549 | D        | Reached skill level 10 in Dodging
  1596 | D        | Bought a scroll of magic mapping for 90 gold pieces
  1598 | D        | Bought the Book of the Turtledove for 420 gold pieces
  1600 | D        | Bought a potion of curing for 33 gold pieces
  1600 | D        | Bought a potion of mutation for 88 gold pieces
  1600 | D        | Bought a potion of curing for 33 gold pieces
  1600 | D        | Bought a potion of invisibility for 88 gold pieces
  1625 | D        | Noticed Grum
  1633 | D        | Killed Grum
  1680 | D        | Noticed Urug
  1689 | D        | Killed Urug
  1690 | D        | Reached skill level 5 in Stealth
  1826 | D        | Learned a level 5 spell: Blade Hands
  1827 | D        | Bought a potion of resistance for 130 gold pieces
  1827 | D        | Bought a potion of lignification for 39 gold pieces
  1827 | D        | Bought a potion of heal wounds for 65 gold pieces
  1827 | D        | Bought 2 potions of haste for 260 gold pieces
  1827 | D        | Bought a potion of berserk rage for 65 gold pieces
  1827 | D        | Bought 2 potions of curing for 78 gold pieces
  1829 | D        | Bought a scroll of enchant armour for 127 gold pieces
  1829 | D        | Bought a scroll of immolation for 68 gold pieces
  1829 | D        | Bought a scroll of immolation for 68 gold pieces
  1833 | D        | Bought a box of beasts for 1320 gold pieces
  1833 | D        | Bought a phantom mirror for 1320 gold pieces
  1833 | D        | Bought a fuming puce potion for 29 gold pieces
  1833 | D        | Bought a scroll of fog for 132 gold pieces
  1974 | D        | Noticed an ogre mage
  1974 | D        | Noticed an ogre mage
  1983 | D        | Killed an ogre mage
  1985 | D        | Noticed a fire giant
  2021 | D        | Noticed a purple very ugly thing
  2023 | D        | Reached skill level 22 in Unarmed Combat
  2024 | D        | Killed an ogre mage
  2025 | D        | Noticed a deep troll earth mage
  2027 | D        | Noticed a frost giant
  2031 | D        | Reached skill level 1 in Armour
  2031 | D        | Noticed a fire dragon
  2033 | D        | Killed a fire giant
  2037 | D        | Killed a purple very ugly thing
  2042 | D        | Noticed a deep troll earth mage
  2133 | D        | Killed a deep troll earth mage
  2138 | D        | Killed a frost giant
  2221 | D        | Killed a fire dragon
  2224 | D        | Killed a deep troll earth mage
  2305 | D        | Noticed a frost giant
  2312 | D        | Killed a frost giant
  2313 | D        | Reached skill level 23 in Unarmed Combat
  2403 | D        | Noticed Nessos
  2414 | D        | Killed Nessos
  2607 | D        | Reached skill level 1 in Evocations
  2607 | D        | Reached XP level 13. HP: 124/124 MP: 19/25
  2710 | D        | Noticed a bunyip
  2710 | D        | Noticed an eleionoma
  2710 | D        | Noticed an eleionoma
  2714 | D        | Noticed a bunyip
  2715 | D        | Killed an eleionoma
  2718 | D        | Killed an eleionoma
  2726 | D        | Killed a bunyip
  2727 | D        | Reached skill level 10 in Transmutations
  2733 | D        | Killed a bunyip
  2734 | D        | Reached skill level 24 in Unarmed Combat
  2740 | D        | Noticed an entropy weaver
  2751 | D        | Killed an entropy weaver
  2756 | D        | Reached skill level 10 in Spellcasting
  2756 | D        | Reached skill level 5 in Ice Magic
  2891 | D        | Reached skill level 25 in Unarmed Combat
  2897 | D        | Reached skill level 1 in Throwing
  2988 | D        | Noticed Nergalle
  2997 | D        | Killed Nergalle
  3014 | D        | Noticed Rupert
  3017 | D        | Noticed Azrael
  3029 | D        | Killed Rupert
  3036 | D        | Killed Azrael
  3252 | D        | Noticed a fire giant
  3252 | D        | Noticed a frost giant
  3252 | D        | Noticed a spark wasp
  3252 | D        | Noticed a cyan very ugly thing
  3255 | D        | Noticed a fire dragon
  3258 | D        | Killed a cyan very ugly thing
  3262 | D        | Reached skill level 5 in Armour
  3264 | D        | Killed a spark wasp
  3265 | D        | Noticed a fire dragon
  3269 | D        | Reached XP level 14. HP: 108/135 MP: 19/27
  3271 | D        | Killed a frost giant
  3274 | D        | Killed a fire giant
  3275 | D        | Killed from afar by a fire dragon

Illustrated notes

Levels and vault maps discovered:
D:        linesprint [early_d, line_temple, items_1, d_10, items_2, lair_1,
          lair_end, items_3, orc_1, orc_end, items_4, d_15, swamp_1, shoals_1,
          snake_1, spider_1, d_20, vaults_1, items_5, swamp_end, shoals_end,
          snake_end, spider_end, vaults_end, d_27, items_6, zot_1, zot_end,
          crypt_end, forest_end, elf_end, slime_end, tomb_end, abyss_end,
          pan_hell_end]

Skill      XL: |  1  2  3  4  5  6  7  8  9 10 11 12 13 14 |
---------------+-------------------------------------------+-----
Unarmed Combat | 6 7 9 10 12 13 15 16 18 21 23 25 | 25.9
Dodging        | 2 3 4 5 6 7 8 9 10 11 | 11.2
Spellcasting   | 2 3 4 5 6 7 9 10 | 10.6
Transmutations | 2 3 4 5 6 7 9 11 | 11.0
Fighting       | 1 2 4 5 6 7 |  7.9
Stealth        | 1 2 3 4 5 |  5.7
Poison Magic   | 1 |  1.2
Ice Magic      | 1 3 4 5 |  5.3
Armour         | 3 5 |  5.4
Evocations     | 1 2 |  2.1
Throwing       | 2 3 |  3.0

Action                   |  1- 3 |  4- 6 |  7- 9 | 10-12 | 13-15 || total
-------------------------+-------+-------+-------+-------+-------++-------
Melee: Unarmed           |    13 |    18 |    55 |   201 |   114 ||   401
       Kick              |     2 |       |    11 |       |       ||    13
       Punch             |       |     1 |     3 |     8 |    10 ||    22
       Headbutt          |       |       |     5 |     1 |       ||     6
Throw: Large rock        |       |       |       |       |     7 ||     7
       Javelin           |       |       |       |       |     1 ||     1
 Cast: Beastly Appendage |     1 |       |     2 |     1 |     1 ||     5
       Wereblood         |       |       |     3 |    14 |     5 ||    22
       Spider Form       |       |       |     3 |       |       ||     3
       Ice Form          |       |       |       |    11 |     3 ||    14
       Blade Hands       |       |       |       |     4 |     2 ||     6
Invok: Call Merchant     |       |       |       |     4 |       ||     4
Evoke: Wand              |       |     1 |       |       |     1 ||     2
       Phantom mirror    |       |       |       |     2 |       ||     2
       Box of beasts     |       |       |       |     1 |     1 ||     2
  Use: Potion            |       |     3 |     4 |     2 |       ||     9
       Scroll            |       |       |       |     3 |       ||     3
 Stab: Distracted        |       |       |     2 |     2 |     3 ||     7
       Sleeping          |       |       |       |     3 |       ||     3
Armor: Robe              |     2 |     2 |     5 |     3 |       ||    12
       Skin              |       |    10 |       |    28 |     2 ||    40
       Swamp dragon scal |       |       |       |    11 |    15 ||    26
Dodge: Dodged            |     3 |     4 |    29 |    81 |    40 ||   157

Table legend: (Time is in decaauts)
 A = Elapsed time spent in this place.
 B = Non-inter-level travel time spent in this place.
 C = Inter-level travel time spent in this place.
 D = Time resting spent in this place.
 E = Time spent auto-exploring this place.
 F = Levels seen in this place.
 G = Mean time per level.
                   A        B        C        D        E       F      G
               +--------+--------+--------+--------+--------+-----+--------+
         Total |   3150 |   3150 |      0 |   1170 |    323 |   1 | 3150.0 |
       Dungeon |   3150 |   3150 |      0 |   1170 |    323 |   1 | 3150.0 |
               +--------+--------+--------+--------+--------+-----+--------+

Top non-repeatable levels by time:
       D: 3150 daAuts
